AoeStats
← SAKI

Arena

510483501Analyzed
2v2 RM · 7h ago on Oct 1, 2026· 41m 47s· 4 players
Game mode
Random Map
Map size
Medium (4 player)
Population
200
Speed
Normal
Resources
Standard
Victory
Conquest
Starting age
Dark Age
Ending age
Imperial Age
RankedLock teamsTeams togetherTeam positionsShared explorationLock speedFull tech treeHidden civsTurbo modeCheats
Victory
Defeat
🇫🇷 Byzantines · France
918
+18
🇨🇳 Franks · China
839
+22
🇨🇳 Italians · China
1046
-23
🇨🇳 Spanish · China
891
-17
a-pb
11:04 Feudal Age
14:52 Castle Age
13:14 Double-Bit Axe
13:34 Horse Collar
16:09 Bow Saw
16:43 Heavy Plow
27:55 Imperial Age
26:02 Wheelbarrow
27:39 Elite Skirmisher
29:46 Chemistry
28:58 Fletching
29:37 Hand Cart
30:33 Two-Man Saw
29:30 Gold Mining
30:56 Bodkin Arrow
31:43 Ballistics
31:29 Padded Archer Armor
32:59 Thumb Ring
33:00 Bracer
33:16 Leather Archer Armor
38:37 Ring Archer Armor
39:21 Scale Barding Armor
39:27 Forging
40:53 Chain Barding Armor
42:31 Iron Casting
42:32 Plate Barding Armor
大哈巴犬
5:02 Loom
11:16 Feudal Age
15:53 Castle Age
17:38 Double-Bit Axe
22:03 Fletching
25:41 Bow Saw
Canyu
11:17 Feudal Age
10:51 Loom
13:51 Double-Bit Axe
16:09 Castle Age
14:06 Horse Collar
17:52 Bow Saw
17:40 Gold Mining
17:59 Heavy Plow
31:40 Forging
33:24 Iron Casting
32:55 Scale Barding Armor
33:23 Bloodlines
35:35 Chain Barding Armor
39:01 Husbandry
38:54 Fletching
SAKI
11:42 Feudal Age
12:44 Horse Collar
13:14 Double-Bit Axe
15:30 Castle Age
21:52 Imperial Age
19:44 Gold Mining
20:45 Fletching
23:34 Fervor
24:21 Bow Saw
27:01 Padded Archer Armor
27:50 Wheelbarrow
29:00 Hand Cart
31:00 Scale Barding Armor
32:08 Chain Barding Armor
31:58 Forging
32:53 Cavalier
33:47 Bloodlines
34:44 Plate Barding Armor
34:45 Iron Casting
35:15 Husbandry
35:06 Loom
35:06 Town Watch
37:41 Blast Furnace
36:47 Husbandry
39:08 Two-Man Saw
41:36 Chemistry
Connection lost

Rejoining the realm…

Still unreachable

The connection could not be restored.

Session expired

The server has moved on; the page needs a fresh start.